Map: Torres Crepusculares

Players

TheZergLord

  • Race: Zerg Zerg
  • League: Master

CatZ - Winner!

  • Race: Zerg Zerg
  • League: Grandmaster

VOD

Have the link to the VOD?

Description

Time

  • Played on: April 26, 2016, 7:42 a.m.
  • Length: 18:55
Show
View Real Time Build Order
Export as new Build Order

TheZergLord Zerg 

Build Orders: Pool First, Lurkers 

Get SALT Encoding   

  12  0:01  Drone  
  13  0:15  Extractor  
  12  0:24  Spawning Pool  
  12  0:28  Drone  
  12  0:33  Drone  
  13  0:41  Drone  
  14  0:48  Overlord  
  14  1:11  Zergling x2  
  14  1:12  Zergling x4  
  17  1:18  Metabolic Boost  
  17  1:23  Zergling x2  
  18  1:31  Queen  
  20  1:35  Zergling x2  
  21  1:44  Zergling x2  
  22  2:02  Hatchery  
  21  2:18  Drone  
  22  2:43  Overlord x2  
  20  2:44  Queen  
  22  3:05  Drone x2  
  22  3:06  Drone x2  
  22  3:14  Drone  
  22  3:15  Queen, Drone  
  26  3:20  Drone x3  
  26  3:25  Drone  
  30  3:34  Drone  
  31  3:43  Zergling x4  
  33  3:52  Hatchery  
  33  3:55  Drone x3  
  33  4:13  Roach Warren  
  33  4:16  Drone x5  
  37  4:23  Overlord  
  37  4:28  Zergling x4  
  37  4:29  Zergling x2  
  40  4:35  Drone x2  
  40  4:36  Drone  
  40  4:37  Extractor  
  42  4:39  Drone  
  43  4:47  Overlord  
  43  4:50  Drone x2  
  45  4:56  Drone  
  45  4:57  Drone x2  
  48  5:05  Overlord  
  48  5:07  Roach x3  
  52  5:08  Roach  
  52  5:11  Roach  
  58  5:15  Roach x2  
  58  5:21  Roach  
  63  5:46  Roach x5  
  63  5:48  Overlord x3  
  73  6:07  Roach  
  73  6:08  Roach x8  
  91  6:12  Overlord  
  91  6:15  Zergling x4  
  93  6:23  Zergling x6  
  93  6:24  Zergling x2  
  97  6:26  Overlord x2  
  97  6:27  Overlord  
  97  6:33  Zergling x6  
  100  6:44  Zergling x6  
  103  6:47  Zergling x2  
  103  6:51  Zergling x4  
  103  6:52  Zergling x4  
  103  6:54  Zergling x2  
  109  6:56  Ravager x2  
  109  6:57  Ravager  
  109  7:00  Ravager  
  113  7:04  Zergling x2  
  113  7:05  Zergling x8  
  102  7:30  Zergling x12  
  102  7:31  Zergling x14  
  96  7:55  Drone x11  
  96  7:56  Drone  
  86  8:11  Queen x2, Drone x4  
  79  8:13  Spore Crawler  
  79  8:15  Spore Crawler  
  79  8:16  Spore Crawler x2  
  79  8:17  Queen  
  79  8:18  Spore Crawler x2  
  60  8:33  Spore Crawler  
  59  8:35  Drone, Spore Crawler  
  59  8:36  Spore Crawler  
  58  8:42  Drone x3  
  58  8:43  Drone x7  
  58  8:44  Drone  
  69  8:50  Lair  
  69  8:55  Evolution Chamber  
  68  8:56  Queen  
  69  9:02  Queen  
  67  9:16  Extractor  
  64  9:19  Extractor  
  64  9:20  Extractor  
  64  9:23  Extractor  
  59  9:30  Zerg Missile Weapons Level 1, Drone x3  
  59  9:31  Extractor, Drone x3  
  64  9:34  Queen  
  64  9:38  Queen  
  68  9:53  Glial Reconstitution  
  68  9:55  Hydralisk Den  
  67  10:04  Drone x3  
  70  10:14  Roach x3  
  70  10:15  Roach x5  
  86  10:28  Muscular Augments  
  86  10:29  Overlord x3  
  86  10:32  Overlord x3  
  86  10:33  Overlord  
  86  10:48  Hydralisk  
  86  10:49  Hydralisk x9  
  104  11:09  Hydralisk  
  104  11:10  Hydralisk x8  
  122  11:18  Drone x2  
  122  11:19  Drone x3  
  122  11:21  Drone x2  
  129  11:27  Zerg Missile Weapons Level 2  
  129  11:32  Hydralisk x2  
  133  11:41  Lurker Den  
  133  11:43  Hydralisk x2  
  137  11:49  Hydralisk x2  
  137  11:53  Hydralisk x2  
  143  12:05  Hydralisk  
  143  12:06  Hydralisk x3  
  151  12:11  Hydralisk  
  151  12:14  Overlord  
  151  12:15  Overlord  
  133  12:46  Drone  
  134  12:55  Hatchery  
  133  12:59  Hydralisk x7  
  133  13:00  Hydralisk  
  149  13:12  Infestation Pit  
  149  13:16  Overlord  
  149  13:17  Overlord x3  
  148  13:23  Lurker x2  
  148  13:24  Lurker x3  
  148  13:26  Lurker x5  
  158  13:44  Spire, Hydralisk x3  
  158  13:47  Extractor  
  162  13:51  Extractor, Overseer  
  162  13:55  Hatchery  
  160  14:08  Hive  
  160  14:35  Overseer  
  160  14:36  Overseer x2  
  159  14:41  Hydralisk x2  
  159  14:42  Hydralisk x7  
  159  14:43  Hydralisk x2  
  159  15:32  Lurker x2  
  159  15:33  Lurker x3  
  164  16:09  Hydralisk x7  
  164  16:10  Hydralisk x4  
  121  16:58  Hydralisk x9  
  121  17:20  Overseer  
  121  17:21  Overseer  
  121  17:25  Hydralisk x3  
  127  17:41  Hydralisk x2  
  127  17:42  Hydralisk  
  127  18:09  Hydralisk x4  
  135  18:22  Hydralisk x2  
Show
View Real Time Build Order
Export as new Build Order

CatZ Zerg - Winner!

Build Orders: Hatch First, Lurkers 

Get SALT Encoding   

  12  0:01  Drone  
  13  0:08  Drone  
  14  0:18  Overlord  
  14  0:37  Drone x3  
  17  0:53  Hatchery  
  17  0:55  Drone  
  17  1:09  Spawning Pool  
  16  1:12  Drone  
  18  1:18  Drone  
  18  1:23  Drone  
  19  1:39  Drone  
  20  1:42  Overlord  
  20  1:56  Queen  
  20  1:57  Spine Crawler, Zergling x2  
  22  2:03  Zergling x2  
  22  2:05  Queen  
  22  2:07  Spine Crawler  
  24  2:09  Zergling x2  
  24  2:15  Zergling x2  
  26  2:20  Zergling x2  
  27  2:26  Zergling x2  
  27  2:32  Zergling x2  
  27  2:39  Zergling x4  
  25  2:44  Queen  
  25  2:47  Zergling x2  
  26  2:54  Queen  
  26  2:56  Zergling x2  
  29  3:03  Zergling x4  
  29  3:10  Overlord  
  28  3:19  Overlord  
  28  3:28  Drone  
  28  3:29  Drone  
  28  3:30  Drone x2  
  32  3:36  Drone x3  
  35  3:44  Drone x2  
  37  3:48  Drone  
  37  3:49  Drone  
  37  3:51  Drone  
  40  3:56  Drone  
  40  3:59  Drone x2  
  42  4:06  Drone  
  42  4:07  Drone  
  42  4:09  Drone  
  43  4:16  Drone  
  44  4:20  Overlord  
  44  4:22  Extractor  
  44  4:24  Drone  
  44  4:26  Extractor, Drone  
  44  4:28  Extractor  
  44  4:29  Drone  
  44  4:30  Extractor, Drone  
  44  4:33  Overlord  
  44  4:39  Drone x2  
  44  4:41  Queen  
  48  4:46  Drone x4  
  52  4:53  Zergling x4  
  52  4:58  Drone x2  
  52  4:59  Drone  
  57  5:03  Lair  
  57  5:11  Hatchery  
  57  5:12  Overlord  
  56  5:25  Metabolic Boost  
  56  5:27  Overlord  
  56  5:33  Hatchery  
  54  5:44  Zergling x4, Overlord  
  54  5:46  Drone x4  
  54  5:48  Drone x2  
  62  5:58  Overlord  
  62  6:02  Spire  
  61  6:04  Drone  
  61  6:05  Drone x3  
  61  6:09  Overseer  
  65  6:17  Zergling x2  
  65  6:18  Zergling x2  
  67  6:22  Zergling x8  
  67  6:24  Zergling x2  
  72  6:27  Zergling x6  
  72  6:30  Hatchery  
  74  6:36  Overlord  
  74  6:43  Overlord  
  74  6:47  Extractor  
  74  6:51  Spine Crawler  
  74  6:52  Spine Crawler  
  71  6:54  Spine Crawler  
  71  7:00  Spine Crawler  
  69  7:01  Spine Crawler  
  70  7:10  Spine Crawler  
  68  7:16  Mutalisk x11  
  68  7:20  Zergling x4  
  78  7:23  Zergling x4  
  73  7:32  Zergling x10  
  63  7:40  Mutalisk  
  63  7:43  Mutalisk  
  65  7:47  Zergling x2  
  65  7:49  Zergling x2  
  64  7:57  Zergling x4  
  64  7:58  Zergling x2  
  35  8:28  Drone x2  
  37  8:37  Drone  
  38  8:42  Drone  
  39  8:50  Drone  
  39  8:53  Drone  
  41  8:57  Drone  
  41  9:02  Drone  
  43  9:06  Drone  
  42  9:12  Drone x2  
  44  9:22  Drone  
  44  9:23  Drone  
  46  9:25  Drone  
  46  9:26  Drone  
  48  9:34  Drone x2  
  48  9:35  Drone  
  51  9:41  Drone x2  
  53  9:48  Hydralisk Den  
  53  9:49  Drone  
  53  9:54  Drone x2  
  55  10:02  Drone x3  
  58  10:13  Drone x5  
  63  10:27  Overlord  
  63  10:32  Drone x5  
  63  10:34  Queen  
  70  10:39  Lurker Den  
  70  10:46  Drone x3  
  73  11:06  Drone  
  73  11:07  Drone x2  
  73  11:08  Drone x3  
  73  11:10  Queen, Extractor  
  73  11:11  Extractor  
  77  11:13  Queen  
  77  11:15  Hydralisk  
  77  11:18  Hydralisk  
  81  11:20  Hydralisk  
  85  11:28  Hydralisk x2  
  89  11:34  Drone  
  90  11:41  Overlord  
  90  11:48  Spore Crawler  
  90  11:51  Drone  
  90  11:52  Hydralisk x2, Drone  
  95  11:54  Overlord  
  95  11:58  Drone  
  95  11:59  Drone  
  97  12:04  Drone  
  97  12:06  Lurker x4  
  97  12:07  Lurker  
  103  12:14  Hydralisk x4  
  111  12:19  Lurker  
  111  12:21  Evolution Chamber  
  111  12:23  Lurker  
  111  12:27  Evolution Chamber  
  108  12:40  Lurker  
  108  12:41  Lurker  
  108  12:43  Drone x5  
  115  12:45  Pneumatized Carapace  
  115  12:48  Overlord  
  115  12:50  Zerg Ground Armor Level 1  
  116  12:51  Drone x3  
  116  12:53  Zerg Missile Weapons Level 1  
  118  12:59  Lurker x2  
  120  13:07  Overlord  
  120  13:09  Drone  
  120  13:10  Drone x2  
  120  13:11  Drone  
  124  13:15  Infestation Pit  
  123  13:22  Spore Crawler  
  123  13:26  Spore Crawler  
  121  13:31  Spine Crawler  
  121  13:33  Spine Crawler, Spore Crawler  
  118  13:35  Hydralisk x4  
  118  13:37  Hydralisk x2  
  130  13:53  Spore Crawler  
  130  13:54  Spine Crawler, Spore Crawler  
  127  13:56  Drone x5  
  127  14:01  Overlord  
  132  14:04  Overlord  
  132  14:11  Hatchery  
  132  14:15  Overlord x2  
  131  14:22  Lurker x3  
  134  14:29  Drone  
  134  14:30  Drone  
  136  14:31  Hydralisk  
  136  14:35  Overlord  
  138  14:48  Overlord  
  138  14:53  Hydralisk x2  
  138  14:57  Hydralisk x3  
  142  15:03  Zerg Missile Weapons Level 2, Zerg Ground Armor Level 2  
  142  15:09  Lurker x3  
  142  15:10  Lurker  
  142  15:14  Drone x5  
  151  15:24  Drone  
  151  15:25  Drone x3  
  149  15:28  Lurker x2  
  149  15:29  Lurker x3  
  149  15:33  Overlord  
  149  15:35  Drone  
  155  15:36  Overlord  
  155  15:39  Hive  
  137  15:46  Hydralisk x2  
  137  15:57  Extractor  
  137  16:00  Drone  
  137  16:01  Extractor, Drone x3  
  139  16:04  Hydralisk x2  
  139  16:05  Hydralisk x2  
  135  16:19  Overlord  
  135  16:22  Hatchery  
  134  16:34  Overlord  
  134  16:44  Hydralisk x10  
  154  16:51  Hydralisk x2  
  154  16:52  Hydralisk  
  139  16:54  Hydralisk  
  139  17:01  Queen  
  138  17:05  Viper x2  
  146  17:22  Hydralisk x7  
  160  17:46  Hydralisk x3  
  166  17:52  Hydralisk  
  168  18:07  Queen  
  168  18:08  Queen, Overlord  
  168  18:12  Overseer  
  172  18:16  Spore Crawler  
  172  18:17  Spine Crawler  
  170  18:24  Hydralisk  
  170  18:25  Hydralisk x2  
Tags
 
Add a new tag
Caveats
  • Supply blocks, unpowered buildings, or Contaminate may cause inaccurate times.
  • Supply counts are checked every 10 seconds.